 Dungeon Crawl Stone Soup version 0.30.1-11-g7821555f0a (webtiles) character file.

Game seed: 15300735075448822371

308783 leafyfresh the Acrobat (level 22, -7/239 HPs)
             Began as a Djinni Ice Elementalist on Nov 4, 2023.
             Was a High Priest of Ashenzari.
             Mangled by a frost giant
             ... wielding a +2 battleaxe of freezing
              (20 damage)
             ... on level 2 of the Depths on Nov 6, 2023.
             The game lasted 02:45:52 (41570 turns).

leafyfresh the Acrobat (Djinni Ice Elementalist)   Turns: 41570, Time: 02:45:53

Health: -7/239     AC: 13    Str: 14    XL:     22   Next: 15%
Gold:   3661       EV: 32    Int: 39    God:    Ashenzari [*****.] SH:  6 Dex: 21

rFire   + +          .
                       - Unarmed
rCold   x . .        n - +0 buckler "Prison of Ashenzari" {Melee, Self} (curse)
rNeg    + + .        K - melded +1 robe of Vines {NoPotionHeal Regen++++, Evo, Self} (curse)
rPois   ∞            V - +2 hat of Star-Bound Wisdom {Evo, Self} (curse)
rElec   +            (no cloak)
rCorr   .            M - melded +2 pair of gloves "Cryptic Affliction" {rN+, Evo, Melee} (curse)
SInv    +            (boots unavailable)
Will    +++..        t - amulet of Ashenzari's Bitterness {Regen+ Int+6, Evo, Self} (curse)
Stlth   ++++         p - ring of Star-Bound Wisdom {rN+ Int+2 Dex+6, Melee, Self} (curse)
HPRegen 1.39/turn    U - ring of the Fated Urgency {Contam Will+ Str+5 Int+6, Self, Cun} (curse)
MPRegen 0.00/turn

%: clarity, infuse magic (-8 HP)
@: about to teleport, statue-form, corroded, flying, invisible, very slow
A: slow and powerful, torment resistance 1, flying, boosted hp, sickness
immunity, fire resistance 2, cold vulnerability 1, float, innate caster, HP
casting, extra vitality 1, (shaggy fur 1), electricity resistance, wild magic 1
}: 2/15 runes: serpentine, barnacled
a: End Transformation, Renounce Religion, Shatter the Chains


You were on level 2 of the Depths.
You worshipped Ashenzari.
Ashenzari was extremely pleased with you.
You were a living statue of rough stone.
You visited 8 branches of the dungeon, and saw 36 of its levels.
You also visited: Ossuary.

You collected 4405 gold pieces.
You spent 744 gold pieces at shops.

Inventory:

Hand Weapons
 r - the +5 executioner's axe of Obsession {vamp, *Slow rF++ rCorr}
   (You found it on level 3 of the Elven Halls)

   rF:        It greatly protects you from fire.
   rCorr:     It protects you from acid and corrosion.
   *Slow:     It may slow you when you take damage.
 P - the +8 great mace of Eternity {freeze, rPois rN+ Will++ MP+9}
   (You took it off a frost giant on level 1 of the Depths)

   rPois:     It protects you from poison.
   rN:        It protects you from negative energy.
   MP:        It affects your magic capacity (+9).
   Will:      It greatly increases your willpower.
Armour
 a - the +3 Mad Mage's Maulers {Infuse+∞ VampMP -Cast}
   (You found it on level 3 of the Elven Halls)

   Infuse+∞: It empowers its wearer's blows with all of their magic.
   VampMP:    Blows struck in melee replenish the wearer's magic.
   -Cast:     It prevents spellcasting.
 g - a +0 cloak of preservation
 n - the cursed +0 buckler "Prison of Ashenzari" (worn) {Melee, Self}
   (You took it off a tengu conjurer on level 12 of the Dungeon)

   It has a curse which improves the following skills: Melee Combat: Short
   Blades, Long Blades, Axes, Maces & Flails, Polearms, Staves and Unarmed
   Combat.
   Introspection: Fighting and Spellcasting.
 u - the +3 pair of mountain boots {steadfast, rC+}
   (You found it on level 14 of the Dungeon)

   Steadfast: It prevents involuntary movement, except for blinking,
   teleportation, or banishment.
   rC:        It protects you from cold.
 K - the cursed +1 robe of Vines (melded) {NoPotionHeal Regen++++, Evo, Self}
   (You took it off a deep elf sorcerer on level 3 of the Elven Halls)

   NoPotionHeal: Its wearer cannot be healed by potions.
   Regen:     It increases your rate of health regeneration.
   It has a curse which improves the following skills: Evocations: Evocations.
   Introspection: Fighting and Spellcasting.
 L - a +0 troll leather armour
 M - the cursed +2 pair of gloves "Cryptic Affliction" (melded) {rN+, Evo, Melee}
   (You found it on level 6 of the Dungeon)

   rN:        It protects you from negative energy.
   It has a curse which improves the following skills: Evocations: Evocations.
   Melee Combat: Short Blades, Long Blades, Axes, Maces & Flails, Polearms,
   Staves and Unarmed Combat.
 V - the cursed +2 hat of Star-Bound Wisdom (worn) {Evo, Self}
   (You took it off Gastronok on level 2 of the Lair of Beasts)

   It has a curse which improves the following skills: Evocations: Evocations.
   Introspection: Fighting and Spellcasting.
Magical Staves
 l - the staff of fire "Suovouk" {rF+ Str+4 Int-3 SInv}
   (You found it on level 5 of the Lair of Beasts)

   [staff of fire]

   Your inability to study Fire Magic prevents you from drawing on the full
   power of this staff in melee.
   Base accuracy: +5 Base damage: 5 Base attack delay: 1.2 This weapon's minimum
   attack delay (0.6) is reached at skill level 12.
   Str:       It affects your strength (+4).
   Int:       It affects your intelligence (-3).
   rF:        It protects you from fire.
   SInv:      It lets you see invisible.
   It falls into the 'Staves' category.
   It is a one-handed weapon.
 G - the staff of earth "Wiolaol" {rElec rC+ Str+5}
   (You found it on level 3 of the Elven Halls)

   [staff of earth]

   Your inability to study Earth Magic prevents you from drawing on the full
   power of this staff in melee.
   Base accuracy: +5 Base damage: 5 Base attack delay: 1.2 This weapon's minimum
   attack delay (0.6) is reached at skill level 12.
   Str:       It affects your strength (+5).
   rC:        It protects you from cold.
   rElec:     It insulates you from electricity.
   It falls into the 'Staves' category.
   It is a one-handed weapon.
Jewellery
 e - the ring of Xaorhap {rCorr Str+2 Stlth+}
   (You took it off a deep elf annihilator on level 3 of the Elven Halls)

   [ring of resist corrosion]

   Str:       It affects your strength (+2).
   rCorr:     It protects you from acid and corrosion.
   Stlth:     It makes you more stealthy.
 j - a ring of willpower
 p - the cursed ring of Star-Bound Wisdom (left fist) {rN+ Int+2 Dex+6, Melee, Self}
   (You found it on level 2 of the Dungeon)

   [ring of dexterity]

   Int:       It affects your intelligence (+2).
   Dex:       It affects your dexterity (+6).
   rN:        It protects you from negative energy.
   It has a curse which improves the following skills: Melee Combat: Short
   Blades, Long Blades, Axes, Maces & Flails, Polearms, Staves and Unarmed
   Combat.
   Introspection: Fighting and Spellcasting.
 t - the cursed amulet of Ashenzari's Bitterness (around neck) {Regen+ Int+6, Evo, Self}
   (You bought it in a shop on level 14 of the Dungeon)

   [amulet of regeneration]

   Int:       It affects your intelligence (+6).
   Regen:     It increases your rate of health regeneration.
   It has a curse which improves the following skills: Evocations: Evocations.
   Introspection: Fighting and Spellcasting.
 w - a ring of protection from cold
 F - the ring of Jitsich {Fire Str-2 Int+3 Stlth+}
   (You found it on level 3 of the Elven Halls)

   [ring of fire]

   It enhances your fire magic.
   Str:       It affects your strength (-2).
   Int:       It affects your intelligence (+3).
   rF:        It protects you from fire.
   rC:        It makes you vulnerable to cold.
   Stlth:     It makes you more stealthy.
 O - an amulet of the acrobat
 S - the ring "Vocaul" {Fire Dex+3}
   (You found it on level 3 of the Elven Halls)

   [ring of fire]

   It enhances your fire magic.
   Dex:       It affects your dexterity (+3).
   rF:        It protects you from fire.
   rC:        It makes you vulnerable to cold.
 U - the cursed ring of the Fated Urgency (right fist) {Contam Will+ Str+5 Int+6, Self, Cun}
   (You acquired it on level 1 of the Snake Pit)

   [ring of willpower]

   Str:       It affects your strength (+5).
   Int:       It affects your intelligence (+6).
   Contam:    It causes magical contamination when unequipped.
   Will:      It increases your willpower.
   It has a curse which improves the following skills: Introspection: Fighting
   and Spellcasting.
   Cunning:   Dodging and Stealth.
Wands
 f - a wand of quicksilver (8)
 J - a wand of polymorph (5)
 N - a wand of charming (5)
 R - a wand of mindburst (7)
Scrolls
 c - 6 scrolls of brand weapon
 d - 7 scrolls of blinking
 q - 8 scrolls of enchant armour
 s - 4 scrolls of fear
 z - a scroll of silence
 C - 9 scrolls of magic mapping
 D - 5 scrolls of fog
 E - a scroll of teleportation
 H - 6 scrolls of poison
 I - 8 scrolls of enchant weapon
Potions
 b - 5 potions of ambrosia
 h - a potion of mutation
 i - 10 potions of haste
 m - 6 potions of brilliance
 o - 4 potions of cancellation
 v - 6 potions of invisibility
 x - 2 potions of resistance
 A - 9 potions of attraction
 B - 2 potions of curing
 Q - 4 potions of might
 T - a potion of berserk rage
Miscellaneous
 k - a phantom mirror
 y - a condenser vane (inert)
 W - a lightning rod (4/4)
 X - a phial of floods (inert)
 Y - a piece from Xom's chessboard (15/15)
 Z - a box of beasts (inert)


   Skills:
 - Level 17.5(23.1) Fighting
 - Level 1.5 Armour
 - Level 23.3(25.1) Dodging
 - Level 5.2(7.3) Stealth
 - Level 5.5 Shields
 - Level 18.2(21.1) Unarmed Combat
 - Level 13.5(19.4) Spellcasting
 + Level 10.3(13.5) Evocations


You knew the following spells:

 Your Spells              Type           Power      Damage    Failure   Level
a - Freeze                Ice            100%       1d10      1%          1
b - Frozen Ramparts       Ice            100%       1d16      1%          3
c - Ozocubu's Armour      Ice            100%       N/A       1%          3
d - Summon Ice Beast      Ice/Summ       100%       N/A       1%          4
e - Foxfire               Conj/Fire      100%       2x1d9     1%          1
f - Passwall              Tmut/Erth      100%       N/A       1%          2
g - Gell's Gravitas       Tloc           100%       N/A       1%          3
h - Ignite Poison         Fire/Tmut/Pois 100%       N/A       1%          3
i - Summon Forest         Summ/Tloc      64%        N/A       1%          5
j - Metabolic Englaciati  Hex/Ice        64%        N/A       1%          5
k - Statue Form           Tmut/Erth      85%        N/A       1%          6
l - Summon Cactus Giant   Summ           64%        N/A       1%          6
m - Dragon Form           Tmut           64%        N/A       1%          7
n - Disjunction           Tloc           64%        N/A       3%          8
Your spell library was empty.

Dungeon Overview and Level Annotations

Branches:
Dungeon (15/15)            Temple (1/1) D:5            Lair (5/5) D:8
 Shoals (4/4) Lair:2        Snake (4/4) Lair:2        Slime (0/5) Lair:5
    Orc (2/2) D:12            Elf (3/3) Orc:2        Vaults (0/5) D:14
 Depths (2/4) D:15        Ossuary (visited)

Altars:
Ashenzari
Cheibriados
Fedhas
Gozag
Hepliaklqana
Makhleb
Nemelex Xobeh
Okawaru
Qazlal
Ru
Trog
Uskayaw
Wu Jian
Xom
Yredelemnul
Zin
The Shining One
Jiyva
Lugonu

Shops:
D:14 (=   Orc:1 !   Orc:2 (=([

Portals:
Hell: Depths:1
Abyss: Shoals:2
Pandemonium: Depths:2
Ziggurat: Depths:1

Annotations:
D:3 1 runed translucent door, lonewolfV2's ghost, amateur TeFi


Innate Abilities, Weirdness & Mutations

You are a living statue of rough stone.
Your actions are slow, but your melee attacks are powerful.
You are resistant to unholy torment.
You are flying.
Your maximum health is greatly increased.
Your equipment is partially melded.
You are immune to sickness and miasma.
You are immune to poison.
Your flesh is very heat resistant. (rF++)
You are vulnerable to cold. (rC-)
You float through the air rather than walking.
You learn spells naturally, not from books.
Your magical power is your life essence.
You have superior vitality. (+4 MHP)
((You are covered in fur. (AC +1)))
You are resistant to electric shocks. (rElec)
Your spells are a little harder to cast, but a little more powerful.


Message History

You block the caustic shrike's attack. The caustic shrike barely misses you.
The caustic shrike claws you!
* * * LOW HITPOINT WARNING * * *
You are splashed with acid!
* * * LOW HITPOINT WARNING * * *
Your surroundings suddenly seem different.
A frost giant, a walking earthen tome and a lich come into view.
The frost giant is wielding a +2 battleaxe of freezing.
Found 25 gold pieces, a +0 scale mail, a +0 robe and a potion of haste.
The lich shouts!
You catch the helpless frost giant completely off-guard!
You hit the frost giant.
The frost giant is lightly wounded.
The frost giant gestures at you while chanting.
The bolt of cold misses you.
The walking earthen tome erupts in a flurry of living spells!
Unknown command.
You hit the frost giant.
The frost giant is lightly wounded.
The frost giant misses you.
The walking earthen tome erupts in a flurry of living spells!
Unknown command.
As you read the scroll of teleportation, it crumbles to dust.
You feel strangely unstable. The living spell casts itself at you.
You easily resist.
The frost giant gestures at you while chanting.
The bolt of cold misses you.
The frost giant points at you and mumbles some strange words.
The bolt of cold hits you!!!
You feel a terrible chill!
* * * LOW HITPOINT WARNING * * *
You fade into invisibility!
The living spell casts itself at you.
You easily resist.
The living spell casts itself at you.
You easily resist.
The living spell casts itself at you.
The lich is unaffected.
The frost giant hits you with a +2 battleaxe of freezing!!
You die...

* ,,, *,, ,* , * *
, ,, {, * *, **, ,
,, , {,,#..* #..#
, ,* ,#..###..# *
* #.......# #####
,,#.....~.. #...#
,,{*,....~~.
#8C$#*+ *###.~~~~
#L..+ ,+,#8#..~~.
#[..#*, #.#.#V.$..
#;..#***#.'.bb....
#!..# , #.#b#b....
#...+, ,+,#8#..~~.
#...# ###.~~~~
#...#*, ,...~~. *
* *,...?...


You could see a frost giant, a walking earthen tome (unable to see you) and a
lich.

Vanquished Creatures
  Mara (Shoals:4)
  A caustic shrike (Depths:2)
  Zenata (Elf:2)
  A lich (Depths:2)
  3 deep elf blademasters
  Polyphemus (Shoals:2)
  The ghost of Amikeex the Brawler, an adept TrMo of Nemelex Xobeh (Depths:1)
  A kraken (Shoals:1)
  Roxanne (Shoals:4)
  Ilsuiw (Shoals:3)
  3 nagarajas (Snake:4)
  6 frost giants
  A fire giant (Depths:1)
  Aizul (Snake:2)
  9 deep elf sorcerers (Elf:3)
  A juggernaut zombie (D:15)
  Louise (Snake:4)
  9 deep elf elementalists
  3 very ugly things (Depths:1)
  2 stone giants (Depths:1)
  A vampire knight (Depths:2)
  2 deep elf demonologists (Elf:3)
  Azrael (D:13)
  7 deep elf annihilators (Elf:3)
  3 spark wasps (Depths:1)
  5 deep elf death magi
  3 fire dragons
  6 merfolk impalers
  9 merfolk javelineers
  5 ettins
  5 deep elf high priests (Elf:3)
  A vault guard (D:14)
  A hydra (Lair:5)
  2 salamander tyrants
  An ogre mage (D:15)
  2 ice dragons
  A spriggan air mage (Depths:2)
  3 deep troll shamans (Depths:1)
  4 centaur warriors
  8 two-headed ogres
  A satyr (Shoals:2)
  2 tengu warriors
  3 anacondas
  4 merfolk aquamancers
  10 naga warriors
  13 death yaks
  16 dancing weapons
  3 boulder beetles
  2 vampire magi (Depths:1)
  4 naga sharpshooters
  6 hell knights (Depths:1)
  6 shock serpents
  An iron troll (Depths:1)
  7 deep elf knights
  A wretched star (Shoals:2)
  A skyshark (Shoals:1)
  A salamander mystic (Snake:2)
  A skeletal warrior (D:15)
  A deep troll (Depths:1)
  2 orb spiders (shapeshifter)
  A phantasmal warrior (D:15)
  6 deep elf archers
  7 sea snakes
  A harpy (shapeshifter) (D:14)
  An orc knight (D:14)
  9 deep elf pyromancers
  2 naga ritualists
  8 deep elf zephyrmancers
  4 harpies
  19 ugly things
  A frost giant zombie (Depths:2)
  4 cyclopes
  2 necromancers
  3 mana vipers
  An orc sorcerer (Elf:3)
  15 manticores
  7 fauns
  A cyclops (shapeshifter) (Depths:1)
  9 salamanders
  8 merfolk sirens
  9 naga magi
  An apocalypse crab (Shoals:2)
  2 elephants
  29 black mambas
  4 water nymphs
  6 guardian serpents
  3 orange demons (Elf:3)
  3 gargoyles
  An alligator snapping turtle zombie (Shoals:2)
  18 cane toads
  An unseen horror (D:11)
  A merfolk zombie (Shoals:2)
  A rime drake (shapeshifter) (D:15)
  A tengu conjurer (D:12)
  An efreet (D:14)
  9 komodo dragons
  A harpy zombie (Shoals:2)
  A golden dragon simulacrum (Depths:2)
  A freezing wraith (D:14)
  A komodo dragon (shapeshifter) (D:14)
  2 tyrant leeches (Lair:5)
  A queen bee (Lair:3)
  15 blink frogs
  6 wind drakes
  3 meliai (Lair:3)
  3 trolls
  A sphinx simulacrum (Depths:2)
  25 merfolk
  3 snapping turtles
  6 dream sheep (Shoals:3)
  4 slime creatures (D:12)
  A vampire (D:7)
  6 water elementals
  2 shadows
  A wyvern (D:7)
  3 basilisks
  2 hogs
  2 wraiths (D:13)
  5 yaks
  A fire bat (shapeshifter) (D:13)
  A steam dragon (D:7)
  A fire elemental (Elf:1)
  A hog (shapeshifter) (D:15)
  10 vampire mosquitoes
  A large abomination (Shoals:2)
  Edmund (D:6)
  18 nagas
  A spatial vortex (Shoals:2)
  2 acid dragons (D:13)
  6 hell hounds (D:13)
  5 water moccasins
  2 orc warriors (Orc:2)
  An ice beast (D:6)
  2 sky beasts (D:6)
  3 black bears
  4 ogres (D:15)
  4 wolves (Lair:5)
  2 boggarts (D:14)
  15 centaurs
  2 phantoms
  3 kobold brigands
  A glowing shapeshifter simulacrum (Depths:2)
  13 bullfrogs
  7 scorpions
  5 wights (D:6)
  19 killer bees
  5 howler monkeys
  12 electric eels
  A lava snake (Lair:2)
  6 orc priests
  5 hounds
  Crazy Yiuf (D:6)
  3 jellies (D:6)
  2 gnoll boudas
  Jessica (D:2)
  An iguana (D:2)
  8 orc wizards
  A sleepcap (D:6)
  Terence (D:3)
  4 hell rats
  A mummy (Ossuary)
  13 gnolls
  10 adders
  A river rat (Lair:3)
  A shadow imp (D:6)
  3 ufetubi
  A worm (D:4)
  A dart slug (D:1)
  41 orcs
  10 bats
  7 endoplasms
  3 giant cockroaches
  9 hobgoblins
  6 jackals
  21 kobolds
  3 quokkas
  9 ball pythons
  2 frilled lizards
  11 goblins
  2 goblin zombies
  2 jackal zombies (Ossuary)
  An orc zombie (Ossuary)
  A quokka zombie (D:4)
  8 rats
  2 rat zombies (Ossuary)
  A snaplasher vine (Snake:4)
849 creatures vanquished.

Vanquished Creatures (collateral kills)
  Nikola (Shoals:3)
  Gastronok (Lair:2)
  Kirke (D:13)
  A fire giant (Depths:1)
  2 frost giants (Depths:1)
  The ghost of Icun the Thaumaturge, a journeyman GnWr of Okawaru (Snake:3)
  An orc warlord (Orc:2)
  A juggernaut skeleton (D:15)
  3 very ugly things (Depths:1)
  A stone giant (Depths:2)
  Nessos (D:13)
  3 deep elf annihilators (Elf:3)
  A deep elf demonologist (Elf:3)
  An ettin (Depths:1)
  A fire dragon (Depths:1)
  3 merfolk impalers
  A deep elf high priest (Elf:3)
  Josephine (D:13)
  A salamander tyrant (Snake:4)
  3 hydras (Lair:5)
  3 anacondas
  2 rakshasas (Depths:2)
  An ogre mage (D:15)
  A catoblepas (Shoals:2)
  A centaur warrior (D:13)
  3 two-headed ogres
  A merfolk aquamancer (Shoals:4)
  An alligator snapping turtle (Shoals:2)
  2 merfolk avatars
  11 dancing weapons
  A satyr (Shoals:3)
  2 death yaks (Lair:5)
  4 naga warriors
  4 shock serpents
  A thrashing horror (Shoals:2)
  10 naga sharpshooters
  Nergalle (D:12)
  4 salamander mystics
  A storm dragon skeleton (D:15)
  3 sea snakes
  A skeletal warrior (D:15)
  2 goliath frogs (Lair:5)
  A deep troll (Depths:1)
  A glowing orange brain (Depths:1)
  A flayed ghost (Depths:2)
  A naga ritualist (Snake:4)
  A golden dragon skeleton (D:15)
  An orc knight (Orc:2)
  10 deep elf pyromancers
  8 deep elf zephyrmancers
  2 mana vipers
  2 harpies (Shoals:1)
  A necromancer (D:15)
  3 ugly things (D:15)
  9 salamanders
  7 manticores
  A cyclops (D:12)
  5 fauns
  4 orc sorcerers
  6 merfolk sirens
  Joseph (D:8)
  10 black mambas
  2 water nymphs
  16 naga magi
  8 elephants
  A gargoyle (D:11)
  An orange demon (Elf:3)
  9 cane toads
  3 tengu conjurers (Depths:2)
  3 trolls
  A komodo dragon (Lair:4)
  8 merfolk
  2 snapping turtles
  A dream sheep (Shoals:3)
  23 blink frogs
  Sigmund (D:6)
  5 wraiths
  9 yaks
  3 hogs (D:13)
  A wyvern (Lair:2)
  3 basilisks
  A chaos spawn (Shoals:2)
  10 water elementals
  A steam dragon (Lair:1)
  6 vampire mosquitoes
  3 wargs (Orc:2)
  31 nagas
  7 water moccasins
  21 orc warriors
  12 ogres
  A boggart (D:14)
  2 wolves (Lair:5)
  3 kobold brigands
  An elf zombie (Ossuary)
  4 bullfrogs (Lair:5)
  3 scorpions (Elf:3)
  A wight (D:6)
  12 killer bees
  6 electric eels
  2 lava snakes (Lair:2)
  2 human zombies (Ossuary)
  A jelly (D:5)
  11 orc priests
  An iguana (D:5)
  Natasha (thrice) (D:3)
  A gnoll bouda (D:9)
  7 orc wizards
  6 hell rats
  A hound zombie (Ossuary)
  3 mummies (Ossuary)
  2 adders
  A white imp (D:6)
  31 orcs
  An endoplasm (D:3)
  3 kobolds (D:8)
  A hobgoblin zombie (Ossuary)
  An orc zombie (Ossuary)
  2 butterflies (Lair:4)
  A snaplasher vine (Snake:4)
  2 tentacles (Shoals:1)
472 creatures vanquished.

Vanquished Creatures (others)
  A deep elf knight (Elf:3)
  A deep elf archer (Elf:3)
  A deep elf pyromancer (Elf:2)
  A black mamba (Snake:1)
  A rat (D:3)
  177 foxfires
  39 snaplasher vines
  2 tentacles (Shoals:1)
223 creatures vanquished.

Grand Total: 1544 creatures vanquished

Notes
Turn   | Place    | Note
-------+----------+-------------------------------------------
     0 | D:1      | leafyfresh the Djinni Ice Elementalist began the quest for
                  | the Orb.
     0 | D:1      | leafyfresh set off with the following spells memorised:
                  | Freeze, Frozen Ramparts, Ozocubu's Armour, Summon Ice
                  | Beast.
     0 | D:1      | Reached XP level 1. HP: 15/15 MP: 0/0
    28 | D:1      | Reached XP level 2. HP: 11/21 MP: 0/0
   568 | D:1      | Reached XP level 3. HP: 5/25 MP: 0/0
   568 | D:1      | Learned a level 1 spell: Foxfire
   785 | D:1      | Found a faded altar of an unknown god.
  1164 | D:2      | Reached XP level 4. HP: 21/31 MP: 0/0
  1279 | D:2      | Identified the ring "Turhidoge" {rN+ Int+2 Dex+6}
  1309 | D:2      | Noticed Jessica
  1317 | D:2      | Killed Jessica
  1477 | D:2      | Reached XP level 5. HP: 27/35 MP: 0/0
  1477 | D:2      | Learned a level 2 spell: Passwall
  1533 | D:2      | Reached skill level 5 in Spellcasting
  2541 | D:3      | Noticed Terence
  2756 | D:4      | Reached XP level 6. HP: 37/40 MP: 0/0
  2785 | D:4      | Found a sand-covered staircase.
  2820 | D:4      | Noticed a black bear
  2852 | Ossuary  | Entered an ossuary
  3060 | Ossuary  | Reached XP level 7. HP: 26/45 MP: 0/0
  3060 | Ossuary  | Learned a level 3 spell: Gell's Gravitas
  4561 | D:3      | Noticed Natasha
  4582 | D:3      | Killed Natasha
  4584 | D:3      | Killed Terence
  4585 | D:3      | Reached XP level 8. HP: 11/50 MP: 0/0
  4747 | D:3      | Noticed Natasha
  4755 | D:3      | Killed Natasha
  4936 | D:3      | Noticed Natasha
  5046 | D:3      | Killed Natasha
  5111 | D:3      | Found a bloodstained altar of Trog.
  5111 | D:3      | Found a snail-covered altar of Cheibriados.
  5157 | D:3      | Found a runed translucent door.
  5165 | D:3      | Noticed lonewolfV2's ghost (amateur TeFi)
  5382 | D:5      | Entered Level 5 of the Dungeon
  5743 | D:5      | Reached XP level 9. HP: 23/55 MP: 0/0
  5743 | D:5      | Learned a level 3 spell: Ignite Poison
  5908 | D:5      | Found a staircase to the Ecumenical Temple.
  6469 | D:5      | Found a sparkling altar of Nemelex Xobeh.
  7410 | D:6      | Found a runed translucent door.
  7411 | D:6      | Noticed Crazy Yiuf
  7508 | D:6      | Killed Crazy Yiuf
  7613 | D:6      | Reached skill level 10 in Spellcasting
  7638 | D:6      | Noticed Edmund
  7638 | D:6      | Noticed Sigmund
  7660 | D:6      | Killed Edmund
  7700 | D:6      | Killed Sigmund
  7701 | D:6      | Reached XP level 10. HP: 51/60 MP: 0/0
  7969 | D:6      | Identified the +2 pair of gloves "Zuacvoip" {rN+}
  8080 | Temple   | Entered the Ecumenical Temple
  8090 | Temple   | Became a worshipper of Ashenzari the Shackled
  8148 | D:6      | Identified a scroll of acquirement
  8487 | D:7      | Acquired the +7 long sword "Kutzisin" {heavy, Int+3}
  8712 | D:7      | Found a shimmering altar of Xom.
  8713 | D:7      | Found a shimmering altar of Xom.
  8714 | D:7      | Found a shimmering altar of Xom.
  8714 | D:7      | Found a shimmering altar of Xom.
  8714 | D:7      | Found a shimmering altar of Xom.
  8715 | D:7      | Found a shimmering altar of Xom.
  8716 | D:7      | Found a shimmering altar of Xom.
  8716 | D:7      | Found a shimmering altar of Xom.
  8862 | D:7      | Found a hazy altar of Hepliaklqana.
  9334 | D:8      | Noticed Joseph
  9820 | D:8      | Killed Joseph
  9896 | D:8      | Found a hide-covered altar of Uskayaw.
  9917 | D:8      | Found a staircase to the Lair.
 10125 | D:9      | Noticed a two-headed ogre
 10134 | D:9      | Killed a two-headed ogre
 10135 | D:9      | Reached XP level 11. HP: 65/65 MP: 0/0
 10135 | D:9      | Learned a level 5 spell: Summon Forest
 10749 | D:10     | Entered Level 10 of the Dungeon
 10757 | D:10     | Found an ornate altar of the Wu Jian Council.
 10883 | D:10     | Found a burning altar of Makhleb.
 10886 | D:10     | Found a sacrificial altar of Ru.
 10886 | D:10     | Found a stormy altar of Qazlal.
 10888 | D:10     | Found a basalt altar of Yredelemnul.
 10917 | D:10     | Reached * piety under Ashenzari
 10996 | D:10     | Reached skill level 1 in Fighting
 10998 | D:10     | Reached skill level 3 in Dodging
 11063 | D:10     | Reached skill level 4 in Dodging
 11242 | D:10     | Reached skill level 5 in Dodging
 11250 | D:10     | Noticed a two-headed ogre
 11259 | D:10     | Killed a two-headed ogre
 11268 | D:10     | Reached skill level 6 in Dodging
 11449 | D:10     | Gained mutation: You passively map a small area around you.
                  | [potion of mutation]
 11467 | D:11     | Reached skill level 5 in Fighting
 12396 | D:11     | Reached ** piety under Ashenzari
 12589 | D:11     | Reached skill level 7 in Dodging
 12677 | D:11     | Reached XP level 12. HP: 78/86 MP: 0/0
 12925 | D:11     | Reached *** piety under Ashenzari
 12947 | D:11     | Identified the +1 sling "Sinopsu" {heavy, Contam MP+9
                  | Str+3}
 13221 | D:12     | Found a staircase to the Orcish Mines.
 13231 | D:12     | Noticed a tengu warrior
 13239 | D:12     | Reached skill level 8 in Dodging
 13241 | D:12     | Killed a tengu warrior
 13360 | D:12     | Noticed Nergalle
 13367 | D:12     | Killed Nergalle
 13497 | D:12     | Noticed Snorg
 13557 | D:12     | Reached skill level 9 in Dodging
 13566 | D:12     | Noticed a two-headed ogre
 13573 | D:12     | Killed a two-headed ogre
 14145 | D:13     | Noticed a boulder beetle
 14155 | D:13     | Killed a boulder beetle
 14156 | D:13     | Reached skill level 10 in Dodging
 14272 | D:13     | Noticed a centaur warrior
 14279 | D:13     | Killed a centaur warrior
 14341 | D:13     | Noticed a centaur warrior
 14350 | D:13     | Killed a centaur warrior
 14351 | D:13     | Reached XP level 13. HP: 82/101 MP: 0/0
 14351 | D:13     | Learned a level 5 spell: Metabolic Englaciation
 14380 | D:13     | Reached **** piety under Ashenzari
 14506 | D:13     | Noticed Kirke
 14735 | Orc:1    | Entered Level 1 of the Orcish Mines
 14827 | Orc:1    | Found Tiydoe's Distillery.
 15162 | Orc:2    | Entered Level 2 of the Orcish Mines
 15169 | Orc:2    | Reached skill level 11 in Dodging
 15188 | Orc:2    | Found a staircase to the Elven Halls.
 15241 | Orc:2    | Reached skill level 10 in Fighting
 15646 | Orc:2    | Found Uwaaffel's Jewellery Shoppe.
 15789 | Orc:2    | Reached skill level 12 in Dodging
 15792 | Orc:2    | Noticed an orc warlord
 15809 | Orc:2    | Killed an orc warlord
 15867 | Orc:2    | Found Zaxoal's Antique Armour Shoppe.
 15870 | Orc:2    | Found Qixkuofaso's Antique Weapon Emporium.
 15980 | Orc:2    | Found Utus's Antique Weapon Emporium.
 16419 | D:13     | Noticed Nessos
 16422 | D:13     | Killed Kirke
 16744 | D:13     | Noticed Josephine
 16749 | D:13     | Killed Josephine
 16775 | D:13     | Killed Nessos
 17032 | D:13     | Noticed Azrael
 17046 | D:13     | Killed Azrael
 17285 | D:13     | Reached skill level 13 in Dodging
 17385 | D:14     | Found a hazy altar of Hepliaklqana.
 18077 | Lair:1   | Entered Level 1 of the Lair of Beasts
 18123 | Lair:1   | Reached ***** piety under Ashenzari
 18169 | Lair:1   | Reached skill level 1 in Evocations
 18239 | Lair:1   | Identified the +3 scale mail of Skepticism {rPois rF- rN+
                  | Str+4}
 18258 | Lair:1   | Identified the +3 falchion of the Spectre {flame, *Slow rN+
                  | rCorr Str+3}
 18359 | Lair:1   | Reached XP level 14. HP: 109/117 MP: 0/0
 19419 | Lair:2   | Noticed Gastronok
 19437 | Lair:2   | Killed Gastronok
 19738 | Lair:2   | Found a staircase to the Shoals.
 19839 | Lair:2   | Found a staircase to the Snake Pit.
 20101 | Snake:1  | Entered Level 1 of the Snake Pit
 20292 | Snake:1  | Reached skill level 5 in Stealth
 20585 | Snake:1  | Acquired the ring of Diagguah {Contam Will+ Str+5 Int+6}
 20730 | Lair:3   | Reached skill level 1 in Shields
 20925 | Lair:3   | Reached skill level 5 in Shields
 21906 | Lair:4   | Reached skill level 1 in Armour
 21980 | Lair:4   | Reached XP level 15. HP: 118/125 MP: 0/0
 21980 | Lair:4   | Learned a level 6 spell: Statue Form
 21982 | Lair:4   | Reached skill level 1 in Unarmed Combat
 22350 | Lair:4   | Identified the cursed +2 robe of Ashenzari's Moon {rC+ rF+,
                  | Melee, Self} (You took it off Nergalle on level 12 of the
                  | Dungeon)
 22399 | Lair:5   | Entered Level 5 of the Lair of Beasts
 22507 | Lair:5   | Reached skill level 5 in Unarmed Combat
 22521 | Lair:5   | Identified the staff of fire "Suovouk" {rF+ Str+4 Int-3
                  | SInv}
 22818 | Lair:5   | Reached skill level 10 in Unarmed Combat
 22871 | Lair:5   | Found a staircase to the Slime Pits.
 22871 | Lair:5   | Found a viscous altar of Jiyva.
 23044 | Lair:5   | Reached XP level 16. HP: 128/128 MP: 0/0
 23798 | Lair:5   | Lost mutation: You passively map a small area around you.
                  | [potion of mutation]
 23798 | Lair:5   | Gained mutation: Your mind is acute. (Int +4, Str/Dex -1)
                  | [potion of mutation]
 25126 | Snake:2  | Reached skill level 14 in Dodging
 25307 | Snake:2  | Noticed Aizul
 25325 | Snake:2  | Killed Aizul
 25891 | Snake:3  | Reached XP level 17. HP: 139/139 MP: 0/0
 25891 | Snake:3  | Learned a level 6 spell: Summon Cactus Giant
 26125 | Snake:3  | Identified the +3 dagger of Inquiry {elec, Str-5 Dex+2
                  | SInv}
 26283 | Snake:3  | Found a transporter.
 26286 | Snake:3  | Noticed Icun's ghost (journeyman GnWr)
 26615 | Snake:3  | Found a transporter.
 26662 | Snake:3  | Reached skill level 15 in Dodging
 26956 | Snake:3  | Killed Icun's ghost
 26971 | Snake:3  | Acquired a manual of Dodging
 26973 | Snake:3  | Lost mutation: Your mind is acute. (Int +4, Str/Dex -1)
                  | [potion of mutation]
 26973 | Snake:3  | Gained mutation: You are robust. (+10% HP) [potion of
                  | mutation]
 26973 | Snake:3  | Gained mutation: Your muscles are strong. (Str +4, Int/Dex
                  | -1) [potion of mutation]
 26973 | Snake:3  | Gained mutation: You are very robust. (+20% HP) [potion of
                  | mutation]
 27054 | Snake:4  | Entered Level 4 of the Snake Pit
 27170 | Snake:4  | Reached skill level 16 in Dodging
 27417 | Snake:4  | Noticed Louise
 27428 | Snake:4  | Killed Louise
 27614 | Snake:4  | Reached skill level 17 in Dodging
 27793 | Snake:4  | Reached skill level 18 in Dodging
 27801 | Snake:4  | Reached skill level 19 in Dodging
 27826 | Snake:4  | Reached skill level 20 in Dodging
 27832 | Snake:4  | Reached XP level 18. HP: 176/176 MP: 0/0
 27842 | Snake:4  | Got a serpentine rune of Zot
 28176 | Shoals:1 | Entered Level 1 of the Shoals
 28397 | Shoals:1 | Noticed a kraken
 28414 | Shoals:1 | Killed a kraken
 28499 | Shoals:1 | Reached skill level 21 in Dodging
 29277 | Shoals:2 | Noticed Polyphemus
 29289 | Shoals:2 | Killed Polyphemus
 29290 | Shoals:2 | Reached skill level 22 in Dodging
 29433 | Shoals:2 | Found a runed translucent door.
 29790 | Shoals:2 | Identified the +1 chain mail of Feoh {Int+2}
 30037 | Shoals:2 | Found a corrupted altar of Lugonu.
 30037 | Shoals:2 | Found a one-way gate to the infinite horrors of the Abyss.
 30037 | Shoals:2 | Identified the staff of poison "Lidotzil" {rPois Int+2}
 30078 | Shoals:2 | Lost mutation: Your muscles are strong. (Str +4, Int/Dex
                  | -1) [potion of mutation]
 30078 | Shoals:2 | Lost mutation: You are very robust. (+20% HP) [potion of
                  | mutation]
 30078 | Shoals:2 | Lost mutation: You are robust. (+10% HP) [potion of
                  | mutation]
 30078 | Shoals:2 | Gained mutation: Your mind is acute. (Int +4, Str/Dex -1)
                  | [potion of mutation]
 30078 | Shoals:2 | Gained mutation: Your body sometimes deteriorates upon
                  | taking damage. [potion of mutation]
 30078 | Shoals:2 | Gained mutation: Your movements are slightly less
                  | encumbered by armour. (ER -2) [potion of mutation]
 30079 | Shoals:2 | Lost mutation: Your body sometimes deteriorates upon taking
                  | damage. [potion of mutation]
 30079 | Shoals:2 | Lost mutation: Your movements are slightly less encumbered
                  | by armour. (ER -2) [potion of mutation]
 30079 | Shoals:2 | Lost mutation: Your mind is acute. (Int +4, Str/Dex -1)
                  | [potion of mutation]
 30079 | Shoals:2 | Gained mutation: You are agile. (Dex +4, Str/Int -1)
                  | [potion of mutation]
 30079 | Shoals:2 | Gained mutation: Your body sometimes deteriorates upon
                  | taking damage. [potion of mutation]
 30079 | Shoals:2 | Gained mutation: You are partially covered in iridescent
                  | scales. (AC +2) [potion of mutation]
 30080 | Shoals:2 | Lost mutation: Your body sometimes deteriorates upon taking
                  | damage. [potion of mutation]
 30080 | Shoals:2 | Lost mutation: You are agile. (Dex +4, Str/Int -1) [potion
                  | of mutation]
 30080 | Shoals:2 | Lost mutation: You are partially covered in iridescent
                  | scales. (AC +2) [potion of mutation]
 30080 | Shoals:2 | Gained mutation: You are strong-willed. (Will+) [potion of
                  | mutation]
 30272 | Shoals:3 | Noticed Ilsuiw
 30291 | Shoals:3 | Killed Ilsuiw
 30339 | Shoals:3 | Noticed Nikola
 30407 | Shoals:3 | Killed Nikola
 30490 | Shoals:3 | Reached skill level 23 in Dodging
 30497 | Shoals:3 | Reached XP level 19. HP: 152/152 MP: 0/0
 30497 | Shoals:3 | Learned a level 7 spell: Dragon Form
 30635 | Shoals:3 | Identified the +0 animal skin of the Pit {rElec rN+ Str-4
                  | SInv}
 31133 | Shoals:4 | Entered Level 4 of the Shoals
 31176 | Shoals:4 | Noticed Mara
 31181 | Shoals:4 | Noticed leafyfresh's illusion
 31193 | Shoals:4 | Noticed leafyfresh's illusion
 31197 | Shoals:4 | Killed Mara
 31822 | Shoals:4 | Identified Roxanne's Treatise on Transition
 31822 | Shoals:4 | Noticed Roxanne
 32474 | Shoals:4 | Killed Roxanne
 32494 | Shoals:4 | Got a barnacled rune of Zot
 33158 | D:7      | Noticed a juggernaut
 33690 | Elf:1    | Entered Level 1 of the Elven Halls
 34187 | Elf:1    | Reached skill level 15 in Unarmed Combat
 34419 | Elf:2    | Noticed Zenata
 34426 | Elf:2    | Killed Zenata
 34654 | Elf:2    | Found a runed translucent gate.
 34654 | Elf:2    | Found a runed translucent gate.
 34660 | Elf:2    | Found a runed translucent gate.
 34798 | Elf:3    | Entered Level 3 of the Elven Halls
 34937 | Elf:3    | Reached XP level 20. HP: 162/162 MP: 0/0
 35211 | Elf:3    | Reached skill level 15 in Fighting
 35341 | Elf:3    | Noticed a Hell Sentinel
 35343 | Elf:3    | Noticed a Hell Sentinel
 35929 | Elf:3    | Identified the +5 executioner's axe of Obsession {vamp,
                  | *Slow rF++ rCorr}
 35931 | Elf:3    | Found the +3 Mad Mage's Maulers {Infuse+∞ VampMP -Cast}
 35931 | Elf:3    | Identified the ring of Jitsich {Fire Str-2 Int+3 Stlth+}
 35931 | Elf:3    | Identified the +6 scale mail of the Hanged Man {Int+2}
 35932 | Elf:3    | Identified the ring "Vocaul" {Fire Dex+3}
 35934 | Elf:3    | Identified the staff of earth "Wiolaol" {rElec rC+ Str+5}
 36043 | Elf:3    | Identified the ring of Xaorhap {rCorr Str+2 Stlth+}
 36044 | Elf:3    | Identified the Guidebook on Kinetic Energy
 36748 | Elf:2    | Reached XP level 21. HP: 150/168 MP: 0/0
 36748 | Elf:2    | Learned a level 8 spell: Disjunction
 37590 | D:14     | Found Poynestusur's Jewellery Shop.
 37598 | D:14     | Bought the amulet "Zyahagoa" {Regen+ Int+6} for 744 gold
                  | pieces
 37720 | D:14     | Found a gate to the Vaults.
 37949 | D:14     | Found the +3 pair of mountain boots {steadfast, rC+}
 38191 | D:14     | Identified the cursed +2 helmet of the Chained Irritation
                  | {Fort, Range} (You found it on level 1 of the Dungeon)
 38191 | D:14     | Identified the cursed +0 buckler "Prison of Ashenzari"
                  | {Melee, Self} (You took it off a tengu conjurer on level 12
                  | of the Dungeon)
 38199 | D:14     | Found Nadust's Firing Range.
 38594 | D:15     | Entered Level 15 of the Dungeon
 39192 | D:15     | Found a staircase to the Depths.
 39746 | D:15     | Lost mutation: You are strong-willed. (Will+) [potion of
                  | mutation]
 39746 | D:15     | Gained mutation: Your spells are a little harder to cast,
                  | but a little more powerful. [potion of mutation]
 39746 | D:15     | Gained mutation: You are covered in fur. (AC +1) [potion of
                  | mutation]
 39746 | D:15     | Gained mutation: You are resistant to electric shocks.
                  | (rElec) [potion of mutation]
 39750 | Depths:1 | Entered Level 1 of the Depths
 39770 | Depths:1 | Reached skill level 5 in Evocations
 40019 | Depths:1 | Found a gateway to Hell.
 40110 | Depths:1 | Found a one-way gateway to a ziggurat.
 40177 | Depths:1 | Found a transporter.
 40201 | Depths:1 | Identified the +8 great mace of Eternity {freeze, rPois rN+
                  | Will++ MP+9}
 40203 | Depths:1 | Noticed Amikeex's ghost (adept TrMo)
 40660 | Depths:1 | Found a transporter.
 40728 | Depths:1 | Killed Amikeex's ghost
 40731 | Depths:1 | Reached XP level 22. HP: 39/181 MP: 0/0
 41432 | Depths:2 | Found a one-way gate leading to the halls of Pandemonium.
 41531 | Depths:2 | Noticed a caustic shrike
 41532 | Depths:2 | Noticed a caustic shrike
 41533 | Depths:2 | Noticed a caustic shrike
 41535 | Depths:2 | Reached skill level 10 in Evocations
 41535 | Depths:2 | Noticed a caustic shrike
 41536 | Depths:2 | Noticed a caustic shrike
 41538 | Depths:2 | Killed a caustic shrike
 41569 | Depths:2 | HP: 11/239 [frost giant/bolt of cold (42)]
 41570 | Depths:2 | Mangled by a frost giant

Illustrated notes

Levels and vault maps discovered:
D:1:      heliophobic_arrival_battle_scene, layout_loops_corners,
          chequers_ecumenical_altar_simple, minmay_octomino_c4
D:2:      cheibrodos_greedy_goblins, layout_basic, minmay_close_crescents,
          uniq_jessica
D:3:      layout_basic, gammafunk_temple_overflow_elements,
          gammafunk_ghost_grave, uniq_natasha, uniq_terence
D:4:      layout_cave_pods, enter_ossuary_4
D:5:      layout_layer_cave, nemelex_dance_club_becter,
          minmay_temple_entry_from_below_a, kennysheep_diamond
D:6:      minmay_octagon_keep, layout_rooms, uniq_crazy_yiuf_cottage,
          uniq_edmund, uniq_sigmund
D:7:      layout_loops_ring, kennysheep_orc_sif_temple, old_standard_altar,
          xom_shifter_show
D:8:      layout_rooms, nicolae_overflow_hidden_temple,
          mainiacjoe_overflow_alcove_1, uniq_joseph
D:9:      layout_roguey
D:10:     minmay_clustersquares, layout_basic, grunt_temple_overflow_open,
          nicolae_wu_jian_wuxing_cycle
D:11:     layout_basic
D:12:     layout_loops_ring, orc_david_3, serial_aquarium,
          aquarium_bridge_long_joined [aquarium_subvault_wall,
          aquarium_subvault_wall, aquarium_subvault_bridge,
          aquarium_subvault_window, aquarium_subvault_wall,
          aquarium_subvault_bridge], aquarium_bridge_square
          [aquarium_subvault_wall, aquarium_subvault_window,
          aquarium_subvault_bridge, aquarium_subvault_wall],
          aquarium_window_corner, aquarium_window_2, aquarium_window_1,
          aquarium_view_2d, aquarium_balcony_1b, aquarium_pool_side,
          uniq_nergalle, uniq_snorg
D:13:     layout_basic, kennysheep_island_fort, uniq_nessos, uniq_josephine,
          uniq_kirke, uniq_azrael
D:14:     layout_rooms, david_vaults_5, nzn_hepliaklqana_mist_gate,
          serial_shops, nicolae_shop_tiny_waterfront, serial_co_window_serial,
          co_window_paths_b, co_window_paths_a, co_window_corner_a,
          co_window_paths_a, co_window_paths_a, co_window_paths_a,
          co_window_of_opportunity_a, co_window_paths_a, co_window_paths_b,
          co_window_2corner, co_window_corner_b, co_window_unsneaky_path_d,
          co_window_paths_d, glass_columns_a, glass_columns_a, glass_columns_a,
          glass_columns_c, glass_columns_a, nicolae_shop_firing_range
D:15:     gammafunk_depths_entry_grave, layout_basic, lemuel_round_altar
Temple:   nicolae_temple_ecumenical_triangle
Lair:1:   layout_cave_pods, infiniplex_staircase_pool_2, lemuel_fruit_tree,
          serial_bayou_shore_a, serial_bayou_shore_b
Lair:2:   layout_concentric_octagons, minmay_shoals_entry_hut,
          nicolae_snake_entry_warm_welcome, serial_bayou_shore_b, uniq_gastronok
Lair:3:   regret_index_tunnel_blossom, layout_loops_ring
Lair:4:   layout_gridlike, lemuel_fruit_fields
Lair:5:   minmay_lair_end_frog_pond, layout_hall_layers, slime_entry_1
Shoals:1: layout_shoals
Shoals:2: layout_shoals, nicolae_shoals_abyss_on_the_beach, uniq_polyphemus
Shoals:3: argonaut_golden_fleece, layout_shoals, nicolae_shoals_square_sea_wall,
          abandoned_shop, nicolae_shoals_lost_giant_baths, uniq_ilsuiw,
          uniq_nikola
Shoals:4: shoals_end_grunt_ice, layout_shoals,
          nicolae_shoals_nautilus_by_nature,
          nicolae_shoals_lost_giant_amphitheater, uniq_mara, uniq_roxanne
Snake:1:  nicolae_snake_crotalidae_crossing, layout_misc_corridors,
          hangedman_snake_corridor_split
Snake:2:  layout_grid_maze, st_stairs_8, uniq_aizul
Snake:3:  layout_chambers, gammafunk_ghost_arena
Snake:4:  snake_pit, layout_cave_town, grunt_megastairs_5, uniq_louise
Orc:1:    layout_diamond_mine, serial_shops, nicolae_lakefront_shop,
          mines2_lemuel
Orc:2:    grunt_orc_community_town_hall, layout_caves,
          grunt_orc_community_big_house_2, grunt_orc_community_big_house_2,
          grunt_orc_community_house_3, grunt_orc_community_house_3,
          grunt_orc_community_house_3, grunt_orc_community_house_1,
          grunt_orc_community_house_2
Elf:1:    elf_arrival_002, layout_loops_ring, minmay_elf_crystal_heptagon,
          lemuel_upstairs_altar
Elf:2:    nicolae_elf_blades_splatter_lattice [mumra_blade_entry_dagger],
          layout_geoelf_octagon, minivault_4, uniq_zenata
Elf:3:    minmay_elf_hall_four_x, layout_geoelf_grid, einodemon_barbed_minivault
Depths:1: layout_small_grid, enter_ziggurat_b, hell_entry,
          nicolae_figureground_pulse, gammafunk_ghost_smash, st_stairs_13,
          minmay_misc_feat_enclosed, nicolae_kite_square_tiling_tiny,
          glass_columns_a
Depths:2: wad_courtyard, layout_basic, rand_demon_pan_entry_3,
          pf_hell_entry_tar_spiral

Skill      XL: |  1  2  3  4  5  6  7  8  9 10 11 12 13 14 15 16 17 18 19 20 21 22 |
---------------+-------------------------------------------------------------------+-----
Spellcasting   | 4 5 6 7 8 10 12 13 | 13.5
Fighting       | 6 9 11 13 14 16 17 | 17.5
Dodging        | 7 10 13 14 20 23 | 23.3
Evocations     | 1 3 9 10 | 10.3
Stealth        | 5 |  5.2
Shields        | 5 |  5.5
Armour         | 1 |  1.5
Unarmed Combat | 10 12 13 15 17 18 | 18.2

Action                     |  1- 3 |  4- 6 |  7- 9 | 10-12 | 13-15 | 16-18 | 19-21 | 22-24 || total
---------------------------+-------+-------+-------+-------+-------+-------+-------+-------++-------
  Melee: Rapier            |    27 |    73 |    98 |       |       |       |       |       ||   198
         Unarmed           |     7 |       |       |       |   102 |   506 |   656 |    33 ||  1304
         Punch             |     1 |     2 |     4 |       |     3 |       |       |       ||    10
         Whip              |       |       |    39 |       |       |       |       |       ||    39
         Quarterstaff      |       |       |    28 |    15 |       |       |       |       ||    43
         Long sword        |       |       |       |   101 |   204 |       |       |       ||   305
         Tailslap          |       |       |       |       |       |       |     2 |       ||     2
   Cast: Freeze            |    23 |     3 |     5 |    67 |    65 |       |     6 |       ||   169
         Frozen Ramparts   |     1 |    13 |    27 |    43 |    24 |    25 |    34 |       ||   167
         Ozocubu's Armour  |     1 |     2 |    11 |    37 |    43 |       |       |       ||    94
         Summon Ice Beast  |       |     4 |    22 |    25 |    47 |    24 |    27 |     4 ||   153
         Foxfire           |       |       |     3 |    11 |    70 |    22 |     2 |     3 ||   111
         Gell's Gravitas   |       |       |       |    16 |     8 |    11 |     8 |       ||    43
         Summon Forest     |       |       |       |    14 |    57 |    51 |    30 |     2 ||   154
         Metabolic Englaci |       |       |       |       |     7 |     5 |    15 |       ||    27
         Statue Form       |       |       |       |       |    10 |    49 |    60 |     5 ||   124
         Summon Cactus Gia |       |       |       |       |       |    32 |    58 |     3 ||    93
         Passwall          |       |       |       |       |       |       |     2 |       ||     2
         Disjunction       |       |       |       |       |       |       |     2 |       ||     2
         Dragon Form       |       |       |       |       |       |       |     1 |       ||     1
 Invoke: Curse Item        |       |       |       |     5 |     4 |     1 |     2 |     1 ||    13
         Shatter the Chain |       |       |       |       |     2 |       |     4 |       ||     6
Ability: Breathe Fire      |       |       |       |       |       |       |     1 |       ||     1
  Evoke: Wand              |       |       |       |     1 |       |       |       |       ||     1
         Box of beasts     |       |       |       |       |       |       |     1 |       ||     1
         Phial of floods   |       |       |       |       |       |       |     1 |       ||     1
         Condenser vane    |       |       |       |       |       |       |     1 |       ||     1
    Use: Scroll            |       |       |     6 |     6 |     4 |     2 |     2 |     5 ||    25
         Potion            |       |       |       |     4 |       |     6 |     8 |     1 ||    19
   Stab: Sleeping          |     5 |     3 |     3 |     3 |     7 |     4 |    10 |       ||    35
         Distracted        |       |     1 |       |     1 |     4 |    12 |    14 |     3 ||    35
         Invisible         |       |       |       |       |       |       |     1 |       ||     1
 Armour: Robe              |    15 |    48 |    53 |   132 |    89 |     7 |     5 |       ||   349
         Skin              |       |       |       |       |    66 |   201 |   221 |    14 ||   502
  Dodge: Dodged            |    34 |    85 |   174 |   414 |   737 |   771 |   826 |    74 ||  3115
  Block: Buckler           |       |       |       |       |   149 |   222 |   216 |    14 ||   601
